Map: Central Protocol

Players

AcerBly (Bly)

  • Race: Zerg Zerg
  • League: Grandmaster

Elazer - Winner!

  • Race: Zerg Zerg
  • League: Grandmaster

Event: 2016 WCS Winter Circuit Championship

VOD

Have the link to the VOD?

Description

Time

  • Played on: March 3, 2016, 5:36 a.m.
  • Length: 8:34

All games in this series

Show
View Real Time Build Order
Export as new Build Order

AcerBly Zerg 

Build Orders: Pool First 

Get SALT Encoding   

  12  0:01  Drone  
  13  0:08  Drone  
  13  0:12  Extractor  
  13  0:28  Spawning Pool  
  12  0:33  Drone  
  13  0:38  Drone  
  14  0:49  Drone, Extractor  
  15  0:55  Overlord  
  15  1:15  Metabolic Boost, Zergling x2  
  16  1:20  Queen  
  16  1:24  Zergling x2  
  19  1:28  Zergling x2  
  19  1:31  Zergling x2  
  21  1:42  Zergling x2  
  22  1:56  Hatchery  
  21  2:02  Overlord  
  21  2:07  Zergling x2  
  22  2:21  Zergling x4  
  24  2:29  Zergling x6  
  27  2:34  Zergling x2  
  22  2:51  Zergling x2  
  23  3:00  Zergling x2  
  23  3:02  Zergling x6  
  27  3:10  Queen  
  29  3:15  Drone x2  
  31  3:29  Drone x2  
  32  3:35  Spore Crawler  
  32  3:38  Drone  
  32  3:39  Drone  
  31  3:46  Baneling Nest  
  30  3:52  Zergling x8  
  33  4:04  Drone  
  33  4:05  Drone x2  
  36  4:20  Evolution Chamber, Overlord  
  35  4:31  Baneling x5  
  34  4:32  Baneling x2  
  34  4:37  Drone  
  35  5:06  Hatchery  
  34  5:11  Zergling x6  
  34  5:12  Overlord  
  37  5:22  Drone  
  32  5:48  Drone x4  
  36  5:50  Extractor  
  36  5:55  Drone x4  
  39  6:01  Roach Warren  
  36  6:15  Overlord  
  36  6:16  Overlord  
  36  6:17  Overlord  
  34  6:32  Lair  
  34  6:33  Drone x3  
  37  6:42  Roach x2  
  40  6:52  Roach x3  
  44  6:57  Zergling x2  
  44  6:58  Zergling x4  
  47  7:09  Roach x4  
  47  7:12  Drone  
  56  7:23  Drone x4  
  56  7:26  Extractor  
  56  7:27  Extractor  
  58  7:30  Drone x2  
  58  7:36  Overlord  
  60  7:46  Overlord  
  60  7:50  Overlord  
  59  8:00  Roach x5  
  61  8:06  Roach x3  
  61  8:11  Roach x2  
Show
View Real Time Build Order
Export as new Build Order

Elazer Zerg - Winner!

Build Orders: Pool First 

Get SALT Encoding   

  12  0:00  Drone  
  13  0:08  Drone  
  14  0:15  Drone, Extractor  
  14  0:32  Spawning Pool  
  14  0:35  Drone  
  14  0:41  Extractor  
  14  0:42  Drone  
  15  0:50  Overlord  
  15  1:19  Metabolic Boost, Queen  
  15  1:20  Zergling x2  
  15  1:21  Zergling x2  
  15  1:24  Zergling x2  
  20  1:31  Zergling x2  
  21  1:42  Overlord  
  22  1:54  Zergling x2  
  22  2:01  Hatchery  
  22  2:04  Zergling x2  
  22  2:15  Zergling x2  
  23  2:25  Zergling x2  
  23  2:26  Zergling x6  
  27  2:32  Queen  
  28  2:43  Zergling x2  
  22  2:54  Drone  
  22  3:01  Zergling x2  
  23  3:08  Queen  
  23  3:12  Zergling x2  
  26  3:13  Queen  
  26  3:17  Zergling x2  
  29  3:20  Zergling x2  
  30  3:31  Drone x2  
  29  3:42  Zergling x8  
  33  3:48  Queen  
  33  3:53  Drone  
  36  4:00  Drone  
  36  4:01  Drone  
  34  4:07  Roach Warren  
  33  4:11  Drone  
  33  4:15  Drone  
  35  4:21  Spine Crawler  
  34  4:27  Zergling x2  
  34  4:28  Zergling x2  
  36  4:33  Overlord  
  36  4:55  Roach  
  36  4:56  Roach x3  
  40  5:02  Roach x2  
  42  5:12  Overlord, Roach  
  37  5:37  Drone x8  
  37  5:41  Drone  
  44  5:47  Drone  
  45  5:55  Drone  
  45  5:58  Drone  
  45  6:01  Drone  
  47  6:09  Overlord  
  42  6:11  Drone x2  
  42  6:15  Drone  
  44  6:19  Drone  
  44  6:21  Drone  
  44  6:24  Drone  
  47  6:28  Drone  
  48  6:34  Overlord  
  48  6:39  Roach  
  50  6:43  Roach  
  52  6:51  Roach  
  52  6:52  Roach x2  
  56  6:57  Roach x2  
  62  7:01  Roach  
  62  7:03  Overlord  
  62  7:08  Overlord  
  62  7:11  Roach  
  62  7:14  Roach  
  66  7:17  Roach  
  66  7:22  Roach  
  70  7:24  Zergling x2  
  70  7:25  Zergling x2  
  70  7:28  Zergling x2  
  73  7:30  Zergling x2  
  73  7:32  Zergling x2  
  73  7:34  Zergling x2  
  73  7:36  Zergling x2  
  77  7:39  Zergling x2  
  77  7:41  Zergling x4  
  81  7:44  Zergling x2  
  81  7:48  Ravager  
  82  7:53  Ravager  
  82  7:54  Zergling x2, Overlord  
  82  8:01  Zergling x2  
  82  8:02  Zergling x6  
  82  8:08  Zergling x4  
  83  8:12  Zergling x2  
  83  8:13  Zergling x4  
  84  8:20  Ravager  
Tags
 
Add a new tag
Caveats
  • Supply blocks, unpowered buildings, or Contaminate may cause inaccurate times.
  • Supply counts are checked every 10 seconds.